 Dungeon Crawl Stone Soup version 0.27-a0-1378-gdefffd1ff6 (webtiles) character file.

Game seed: 9459508829168819953

163 Tocho the Chopper (level 5, -3/47 HPs)
             Began as a Hill Orc Monk on June 29, 2021.
             Slain by an ice beast (7 damage)
             ... on level 3 of the Dungeon.
             The game lasted 00:03:19 (3991 turns).

Tocho the Chopper (Hill Orc Monk)                   Turns: 3991, Time: 00:03:19

Health: -3/47      AC:  8    Str: 15    XL:     5   Next: 44%
Magic:  5/5        EV:  7    Int: 10    God:
Gold:   133        SH:  0    Dex: 13    Spells: 4/4 levels left

rFire    . . .     SeeInvis .   a - +1 hand axe
rCold    . . .     Faith    .   (no shield)
rNeg     . . .     Spirit   .   f - +0 chain mail
rPois    .         Reflect  .   (no helmet)
rElec    .         Harm     .   (no cloak)
rCorr    .         Rampage  .   (no gloves)
Will     .....                  (no boots)
Stlth    ..........             (no amulet)
HPRegen  0.15/turn              (no ring)
MPRegen  0.09/turn              (no ring)

@: no status effects
A: no striking features
a: no special abilities


You were on level 3 of the Dungeon.
You visited 1 branch of the dungeon, and saw 3 of its levels.

You collected 133 gold pieces.

Inventory:

Hand Weapons
 a - a +1 hand axe (weapon)
Armour
 b - a +0 robe
 e - a +0 leather armour
 f - a +0 chain mail (worn)
Magical Staves
 h - a staff of air
Jewellery
 j - an amulet of reflection
Scrolls
 c - 3 scrolls of teleportation
Potions
 i - a potion of degeneration {unknown}


   Skills:
 + Level 4.4 Fighting
 + Level 6.0 Axes
 + Level 1.5 Armour
 + Level 2.9 Dodging
 + Level 2.2 Stealth


You had 4 spell levels left.
You didn't know any spells.
Your spell library contained the following spells:

 Spells                   Type           Power      Damage    Failure   Level
 Corona                   Hex            0%         N/A       100%        1
 Ensorcelled Hibernation  Hex/Ice        0%         N/A       100%        2
 Confusing Touch          Hex            0%         N/A       100%        3
 Dazzling Flash           Conj/Hex       0%         N/A       100%        3
 Tukima's Dance           Hex            0%         N/A       100%        3


Dungeon Overview and Level Annotations

Branches:
Dungeon (3/15)

Altars:


Message History

You closely miss the ice beast.
The ice beast is moderately wounded.
The ice beast hits you but does no damage.
You hit the ice beast but do no damage.
The ice beast is moderately wounded.
The ice beast hits you. The ice beast freezes you!
You are too injured to fight recklessly!
You are too injured to fight recklessly!
You are too injured to fight recklessly!
You are too injured to fight recklessly!
You are too injured to fight recklessly!
You are too injured to fight recklessly!
You are too injured to fight recklessly!
You are too injured to fight recklessly!
You are too injured to fight recklessly!
You are too injured to fight recklessly!
You are too injured to fight recklessly!
You are too injured to fight recklessly!
You barely miss the ice beast.
The ice beast is moderately wounded.
The ice beast hits you but does no damage.
You hit the ice beast.
The ice beast is heavily wounded.
The ice beast hits you. The ice beast freezes you!
* * * LOW HITPOINT WARNING * * *
Your chain mail prevents you from hitting the ice beast.
The ice beast is heavily wounded.
The ice beast hits you.
* * * LOW HITPOINT WARNING * * *
The ice beast freezes you.
* * * LOW HITPOINT WARNING * * *
You barely miss the ice beast.
The ice beast is heavily wounded.
The ice beast hits you but does no damage.
You hit the ice beast.
The ice beast is heavily wounded.
The ice beast hits you.
* * * LOW HITPOINT WARNING * * *
The ice beast freezes you!
You die...

#####.##### #.[#
#.#######..#
#..)..†....#
##########.######
#........#
#.#.####.# #.#.#
..##.#.####.###
........@Y.....>
##.##........###
#........#
#........#
#........#
###.###### #.# #.


You could see an ice beast.

Vanquished Creatures
  Jessica (D:2)
  Natasha (thrice) (D:2)
  An adder (D:2)
  A worm (D:3)
  2 dart slugs
  4 bats
  An endoplasm (D:1)
  2 giant cockroaches
  A hobgoblin (D:2)
  2 jackals (D:2)
  3 kobolds
  4 quokkas
  4 ball pythons
  3 frilled lizards
  6 goblins
  10 rats
48 creatures vanquished.

Notes
Turn   | Place    | Note
-------+----------+-------------------------------------------
     0 | D:1      | Tocho the Hill Orc Monk began the quest for the Orb.
     0 | D:1      | Reached XP level 1. HP: 19/19 MP: 1/1
   636 | D:1      | Reached XP level 2. HP: 24/27 MP: 2/2
  1171 | D:2      | Reached XP level 3. HP: 33/33 MP: 3/3
  1201 | D:2      | Noticed Jessica
  1217 | D:2      | Killed Jessica
  1341 | D:2      | Reached XP level 4. HP: 20/40 MP: 4/4
  2207 | D:2      | Reached skill level 5 in Axes
  2470 | D:2      | Noticed Natasha
  2486 | D:2      | Killed Natasha
  2487 | D:2      | Reached skill level 1 in Armour
  2936 | D:2      | Noticed Natasha
  2951 | D:2      | Killed Natasha
  2952 | D:2      | Reached XP level 5. HP: 11/47 MP: 5/5
  3464 | D:2      | Noticed Natasha
  3478 | D:2      | HP: 1/47 [Natasha (6)]
  3483 | D:2      | Killed Natasha
  3484 | D:2      | Reached skill level 6 in Axes
  3979 | D:3      | Noticed an ice beast
  3991 | D:3      | Slain by an ice beast

Illustrated notes

Levels and vault maps discovered:
D:1:      dpeg_arrival_ratfight, layout_basic
D:2:      layout_basic, uniq_natasha, uniq_jessica
D:3:      layout_loops_corners, uniq_robin

Skill      XL: |  1  2  3  4  5 |
---------------+----------------+-----
Fighting       | 4 |  4.4
Stealth        | 2 |  2.2
Axes           | 5 6 |  6.0
Armour         | 1 |  1.5
Dodging        | |  2.9

Action                   |  1- 3 |  4- 6 || total
-------------------------+-------+-------++-------
Melee: Hand axe          |    80 |   124 ||   204
  Use: Scroll            |       |     3 ||     3
       Potion            |       |     1 ||     1
 Stab: Sleeping          |     4 |       ||     4
Armor: Robe              |    12 |       ||    12
       Chain mail        |    12 |    60 ||    72
       Leather armour    |     3 |       ||     3
Dodge: Dodged            |    39 |    39 ||    78

Table legend: (Time is in decaauts)
 A = Elapsed time spent in this place.
 B = Non-inter-level travel time spent in this place.
 C = Inter-level travel time spent in this place.
 D = Time resting spent in this place.
 E = Time spent auto-exploring this place.
 F = Levels seen in this place.
 G = Mean time per level.
                   A        B        C        D        E       F      G
               +--------+--------+--------+--------+--------+-----+--------+
         Total |   4016 |   3676 |    340 |   1435 |   1812 |   3 | 1338.7 |
       Dungeon |   4016 |   3676 |    340 |   1435 |   1812 |   3 | 1338.7 |
               +--------+--------+--------+--------+--------+-----+--------+

Top non-repeatable levels by time:
     D:2: 2675 daAuts
     D:1: 1160 daAuts
     D:3: 181 daAuts
